 Dungeon Crawl Stone Soup version 0.21.1-1-g345015f (webtiles) character file.

182 Monsterracer the Digger (level 5, -3/31 HPs)
             Began as an Octopode Earth Elementalist on Feb 13, 2018.
             Was an Initiate of Vehumet.
             Killed by divine providence
             ... invoked by an orc priest
              (12 damage)
             ... on level 4 of the Dungeon.
             The game lasted 00:07:44 (4197 turns).

Monsterracer the Digger (OpEE)                      Turns: 4197, Time: 00:07:44

Health: -3/31      AC:  1    Str:  8    XL:     5   Next: 61%
Magic:  7/9        EV: 14    Int: 18    God:    Vehumet [......]
Gold:   187        SH:  0    Dex: 16    Spells: 4/10 levels left

rFire    . . .     SeeInvis .   h - +0 dagger
rCold    . . .     Gourm    .   (no shield)
rNeg     . . .     Faith    .   (helmet restricted)
rPois    .         Spirit   .   (no amulet)
rElec    .         Reflect  .   a - +4 ring of dexterity
rCorr    .         Harm     .   (no ring)
MR       .....                  (no ring)
Stlth    +++.......             (no ring)
HPRegen  0.10/turn              (no ring)
MPRegen  0.11/turn              (no ring)
                                (no ring)
                                (no ring)

@: no status effects
A: almost no armour, stealthy swim, amphibious, 8 rings, constrict 8, camouflage
1, gelatinous body 1
a: Renounce Religion


You were on level 4 of the Dungeon.
You worshipped Vehumet.
Vehumet was noncommittal.
You were not hungry.

You visited 1 branch of the dungeon, and saw 4 of its levels.

You collected 187 gold pieces.

Inventory:

Hand Weapons
 h - a +0 dagger (weapon)
Missiles
 b - 72 stones (quivered)
Jewellery
 a - a +4 ring of dexterity (left tentacle)
 s - a cursed ring of loudness {unknown}
Scrolls
 i - 3 scrolls of identify {unknown}
 j - 2 scrolls of remove curse {unknown}
 k - 3 scrolls of magic mapping {unknown}
 l - 2 scrolls of enchant armour {unknown}
 m - a scroll of blinking {unknown}
 o - a scroll of random uselessness {unknown}
 p - a scroll of noise {unknown}
 q - a scroll of enchant weapon {unknown}
 t - a scroll of fog {unknown}
Potions
 e - 2 potions of heal wounds {unknown}
 f - a potion of ambrosia {unknown}
 g - 2 potions of flight {unknown}
 n - 2 potions of agility {unknown}
 r - a potion of brilliance {unknown}
 u - a potion of degeneration {unknown}
 v - a potion of might {unknown}
Books
 d - a book of Geomancy

   Spells                             Type                      Level
   a - Sandblast                      Earth                        1
   b - Passwall                       Transmutation/Earth          2
   c - Stone Arrow                    Conjuration/Earth            3
   d - Petrify                        Transmutation/Earth          4
   e - Lee's Rapid Deconstruction     Earth                        5
Comestibles
 c - 8 rations


   Skills:
 - Level 2.0 Dodging
 - Level 2.6 Stealth
 + Level 3.1 Spellcasting
 + Level 1.9 Conjurations
 - Level 1.0 Transmutations
 * Level 5.0 Earth Magic


You had 4 spell levels left.
You knew the following spells:

 Your Spells              Type           Power        Failure   Level  Hunger
a - Sandblast             Erth           ###...       1%          1    None
c - Stone Arrow           Conj/Erth      ###...       12%         3    ###....
x - Passwall              Tmut/Erth      ##........   7%          2    ##.....


Dungeon Overview and Level Annotations

Branches:
Dungeon (4/15)
 Temple: D:4-7

Altars:
Vehumet
Yredelemnul


Innate Abilities, Weirdness & Mutations

You cannot wear most types of armour.
You are very stealthy in the water. (Stealth+)
You are amphibious.
You can wear up to eight rings at the same time.
You can use your tentacles to constrict eight enemies at once.
Your skin changes colour to match your surroundings (Stealth+).
Your rubbery body absorbs attacks. (AC +1, EV +1)


Message History

b - 59 stones (gained 20)
A giant cockroach comes into view.
You see here 16 stones.
b - 75 stones (gained 16)
The helpless giant cockroach fails to defend itself.
You hit the giant cockroach.
You kill the giant cockroach!
Vehumet accepts your kill.
No target in view!
You are feeling very hungry.
t - a scroll labeled FIFEGI MOHE As you open the door, it creaks loudly!
An orc, an orc priest and an orc wizard come into view.
The orc shouts!
The orc wizard shouts!
The orc priest shouts!
You hear a shout!
There are monsters nearby!
Casting: Stone Arrow
Confirm with . or Enter, or press ? or * to list all spells.
You can't see any susceptible monsters within range! (Use Z to cast anyway.) Unknown command.
Casting: Stone Arrow
Confirm with . or Enter, or press ? or * to list all spells.
You can't see any susceptible monsters within range! (Use Z to cast anyway.) Unknown command.
You hit the orc. You grab the orc.
The orc is lightly wounded.
You constrict the orc. The orc barely misses you.
You hit the orc.
The orc is heavily wounded.
You constrict the orc, but do no damage.
The orc hits you with a hand axe.
You take 3 damage, and have 28/31 hp.
You hit the orc.
The orc is severely wounded.
You constrict the orc. The orc hits you but does no damage.
You hit the orc.
You kill the orc!
Vehumet accepts your kill.
The orc wizard casts a spell.
The orc wizard blinks!
Things that are here:
a hand axe; a leather armour; an orc corpse You butcher the orc corpse.
Things that are here:
a hand axe; a leather armour; 3 chunks of flesh Eat one of 3 chunks of flesh? (ye/n/q)
You eat one of the 3 chunks of flesh.
This raw flesh tastes terrible.
The orc wizard casts a spell.
The orc wizard seems to speed up.
You start resting.
Things that are here:
a hand axe; a leather armour; 2 chunks of flesh
Casting: Stone Arrow
Confirm with . or Enter, or press ? or * to list all spells.
Aiming: Sandblast
Press: ? - help, Shift-Dir - straight line, f - orc wizard
Aim: an orc wizard, wielding an enchanted dagger and wearing a robe (fast)
The blast of sand hits the orc wizard.
The orc wizard is lightly wounded.
b - 74 stones You now have 8/9 mp.
Casting: Sandblast
Confirm with . or Enter, or press ? or * to list all spells.
Aiming: Sandblast
Press: ? - help, Shift-Dir - straight line, f/p - orc wizard
Aim: an orc wizard, wielding an enchanted dagger and wearing a robe (lightly wounded, fast)
The blast of sand hits the orc wizard.
The orc wizard is almost dead.
b - 73 stones The orc priest shouts!
You hear a shout!
The orc wizard barely misses you.
The orc priest mumbles some strange prayers to Beogh against you.
Beogh smites you!
* * * LOW HITPOINT WARNING * * *
An orc comes into view. It is wielding a club.
You take 14 damage, and have 14/31 hp.
MASSIVE DAMAGE!!
You now have 7/9 mp.
The orc wizard points at you and mumbles some strange words.
The magic dart hits you!
* * * LOW HITPOINT WARNING * * *
You take 6 damage, and have 8/31 hp.
Casting: Sandblast
Confirm with . or Enter, or press ? or * to list all spells.
Aiming: Sandblast
Press: ? - help, Shift-Dir - straight line, f/p - orc wizard
Aim: an orc wizard, wielding an enchanted dagger and wearing a robe (almost dead, fast)
The blast of sand hits the orc wizard.
You kill the orc wizard!
Vehumet accepts your kill.
Your Earth Magic skill increases to level 5!
b - 72 stones You now have 6/9 mp.
The orc priest miscasts a cantrip.
You closely miss the orc. You grab the orc.
You kill the orc!
Vehumet accepts your kill.
The orc priest invokes the aid of Beogh against you.
You barely resist.
There is a stone staircase leading up here.
The orc priest invokes the aid of Beogh against you.
Beogh smites you!
You die...

.. #.#<## ## #.#... ..#
.###.#..# #.#
.........##.# #......#.#.#
.##......#..######
........@.........
###.#..##..##### # #
##.#.#o#####.# #.
##+##...))#...#.#
#.##...######......#
#.#.....## #......#
#........## #.....##
.####.........####...#####
..................(.......


You could see an orc priest.

Vanquished Creatures
  An orc wizard (D:4)
  Terence (D:2)
  3 gnolls
  3 adders
  A worm (D:3)
  A leopard gecko (D:1)
  7 orcs
  2 ball pythons
  8 bats
  3 giant cockroaches
  8 goblins
  7 hobgoblins
  9 kobolds
  A frilled lizard (D:1)
  9 rats
64 creatures vanquished.

Notes
Turn   | Place    | Note
-------+----------+-------------------------------------------
     0 | D:1      | Monsterracer the Octopode Earth Elementalist began the quest for the Orb.
     0 | D:1      | Reached XP level 1. HP: 11/11 MP: 3/3
    30 | D:1      | HP: 5/11 [hobgoblin/club (2)]
   397 | D:1      | Reached XP level 2. HP: 17/17 MP: 5/5
   884 | D:1      | Reached XP level 3. HP: 19/21 MP: 4/6
   892 | D:1      | Learned a level 3 spell: Stone Arrow
  1430 | D:2      | Reached skill level 4 in Earth Magic
  1433 | D:2      | HP: 10/21 [poisoned by an adder]
  1439 | D:2      | HP: 9/21 [poisoned by an adder]
  1447 | D:2      | HP: 7/21 [poisoned by an adder]
  1739 | D:2      | Noticed Terence
  1752 | D:2      | HP: 10/21 [Terence/flail (5)]
  1756 | D:2      | HP: 1/21 [Terence/flail (9)]
  1757 | D:2      | Killed Terence
  1757 | D:2      | Reached XP level 4. HP: 1/27 MP: 0/8
  2278 | D:2      | Reached skill level 1 in Conjurations
  2287 | D:2      | Found a basalt altar of Yredelemnul.
  2481 | D:2      | Learned a level 2 spell: Passwall
  2496 | D:3      | Found a radiant altar of Vehumet.
  2517 | D:3      | Became a worshipper of Vehumet
  3185 | D:2      | HP: 13/27 [gnoll (8)]
  3338 | D:2      | Reached XP level 5. HP: 26/31 MP: 5/9
  4187 | D:4      | HP: 14/31 [orc priest/divine providence (15)]
  4189 | D:4      | Reached skill level 5 in Earth Magic
  4197 | D:4      | Killed from afar by an orc priest

Skill      XL: |  1  2  3  4  5 |
---------------+----------------+-----
Earth Magic    | 4 5 |  5.0
Conjurations   | 1 |  1.9
Spellcasting   | 3 |  3.1
Dodging        | |  2.0
Stealth        | |  2.6
Transmutations | |  1.0

Action                   |  1- 3 |  4- 6 || total
-------------------------+-------+-------++-------
Melee: Unarmed           |    17 |       ||    17
       Constrict         |    14 |    10 ||    24
       Tentacles         |     7 |     5 ||    12
       Dagger            |    45 |    45 ||    90
 Cast: Sandblast         |    18 |     7 ||    25
       Stone Arrow       |     2 |    14 ||    16
 Stab: Sleeping          |     5 |     7 ||    12
  Eat: Chunk             |     3 |     9 ||    12
Armor: Skin              |    14 |     3 ||    17
Dodge: Dodged            |    63 |    46 ||   109

Vault maps used:
D:1:      minmay_arrival_three_doors
D:2:      yredelemnul_altar_generic, uniq_terence
D:3:      vehumet_crystals
D:4:      black_bear_nest_1, nicolae_overflow_crystal_walls, first_ration,
          trog_hazing_becter, uniq_sigmund
